 Dungeon Crawl Stone Soup version 0.22.2-1-ge965b3a (webtiles) character file.

732 smallpebble the Chopper (level 7, -3/61 HPs)
             Began as a Hill Orc Fighter on Apr 11, 2019.
             Slain by an ogre
             ... wielding a +0 giant club
              (15 damage)
             ... on level 5 of the Dungeon.
             The game lasted 00:09:50 (4097 turns).

smallpebble the Chopper (Hill Orc Fighter)          Turns: 4097, Time: 00:09:51

Health: -3/61      AC:  8    Str: 20    XL:     7   Next: 73%
Magic:  7/7        EV:  8    Int:  8    God:
Gold:   208        SH: 10    Dex: 11    Spells: 6/6 levels left

rFire    . . .     SeeInvis .   a - +0 war axe
rCold    . . .     Gourm    .   c - +0 shield
rNeg     . . .     Faith    .   b - +0 scale mail
rPois    +         Spirit   .   q - +0 helmet
rElec    .         Reflect  .   (no cloak)
rCorr    .         Harm     .   (no gloves)
MR       .....                  (no boots)
Stlth    ..........             (no amulet)
HPRegen  0.20/turn              m - ring of poison resistance
MPRegen  0.10/turn              (no ring)

@: no status effects
A: no striking features
a: no special abilities


You were on level 5 of the Dungeon.
You were not hungry.

You visited 1 branch of the dungeon, and saw 5 of its levels.

You collected 208 gold pieces.

Inventory:

Hand Weapons
 a - a +0 war axe (weapon)
Armour
 b - a +0 scale mail (worn)
 c - a +0 shield (worn)
 q - a +0 helmet (worn)
Jewellery
 m - a ring of poison resistance (left hand)
 u - an uncursed amulet of faith {unknown}
 y - an uncursed amulet of harm {unknown}
Wands
 t - a wand of iceblast (3)
Scrolls
 e - 3 scrolls of enchant weapon {unknown}
 h - 4 scrolls of identify
 i - 5 scrolls of teleportation {unknown}
 j - 5 scrolls of fog {unknown}
 k - 6 scrolls of remove curse {unknown}
 n - 2 scrolls of blinking {unknown}
 o - 3 scrolls of enchant armour {unknown}
 p - a scroll of immolation {unknown}
 s - 2 scrolls of magic mapping {unknown}
Potions
 d - 2 potions of might
 g - 2 potions of agility {unknown}
 l - a potion of mutation {unknown}
 r - a potion of curing {unknown}
 v - a potion of berserk rage {unknown}
 w - a potion of degeneration {unknown}
 x - a potion of haste {unknown}
Comestibles
 f - 2 rations


   Skills:
 + Level 5.1 Fighting
 + Level 7.6 Axes
 + Level 4.9 Armour
 + Level 1.2 Dodging
 + Level 0.1 Stealth
 + Level 5.1 Shields
 + Level 0.5 Evocations


You had 6 spell levels left.
You didn't know any spells.
Your spell library was empty.

Dungeon Overview and Level Annotations

Branches:
Dungeon (5/15)             Temple (0/1) D:4

Altars:
Okawaru


Message History

There are monsters nearby!
You slash the ogre!
The ogre is severely wounded.
The ogre hits you with a giant club!
* * * LOW HITPOINT WARNING * * *
There are monsters nearby!
You are too injured to fight recklessly!
There are monsters nearby!
You are too injured to fight recklessly!
There are monsters nearby!
You are too injured to fight recklessly!
There are monsters nearby!
You hit the ogre.
The ogre is severely wounded.
The ogre hits you with a giant club!
* * * LOW HITPOINT WARNING * * *
You hit the ogre.
The ogre is severely wounded.
The ogre hits you with a giant club!
You die...

##.#...................#.#
........####.............#
#.##.##..................#
#.##.# #####..............
..##.## #..........Z..
......## #....(#Z.....=
.......## #....# ........#
##aO.#
........########@..##
........##..........##..
..........[####.........
........##.####...#.#...
........##..#....##.#...#
.................# .. ..#
.................# #.. .#
.................# .)
.................#


You could see an ogre, a worker ant and a quokka zombie.

Vanquished Creatures
  An ogre (D:4)
  A phantom (D:5)
  A bullfrog (D:3)
  2 scorpions (D:5)
  3 crimson imps (D:5)
  A bullfrog skeleton (D:4)
  2 orc priests
  A worker ant (D:4)
  An orc wizard (D:3)
  2 adders
  A shadow imp (D:5)
  2 adder skeletons
  4 worms
  3 dart slugs
  4 leopard geckos
  16 orcs
  2 ball pythons (D:3)
  6 bats
  14 giant cockroaches
  6 goblins
  10 hobgoblins
  4 jackals (D:3)
  A quokka (D:3)
  6 frilled lizards
  4 kobolds
  A quokka skeleton (D:4)
  9 rats
108 creatures vanquished.

Notes
Turn   | Place    | Note
-------+----------+-------------------------------------------
     0 | D:1      | smallpebble the Hill Orc Fighter began the quest for the
                  | Orb.
     0 | D:1      | Reached XP level 1. HP: 19/19 MP: 1/1
   220 | D:1      | Reached XP level 2. HP: 27/27 MP: 2/2
   869 | D:1      | You fall through a shaft!
  1051 | D:2      | Reached skill level 3 in Axes
  1100 | D:2      | Reached XP level 3. HP: 31/33 MP: 3/3
  1897 | D:3      | Reached XP level 4. HP: 40/40 MP: 4/4
  1906 | D:3      | Reached skill level 4 in Axes
  2043 | D:3      | Reached XP level 5. HP: 41/46 MP: 5/5
  2046 | D:3      | Found an iron altar of Okawaru.
  2291 | D:3      | Reached skill level 5 in Axes
  2559 | D:3      | Reached XP level 6. HP: 39/53 MP: 6/6
  3276 | D:4      | Found a staircase to the Ecumenical Temple.
  3336 | D:4      | Reached skill level 6 in Axes
  3673 | D:5      | Entered Level 5 of the Dungeon
  3674 | D:5      | Noticed a phantom
  3691 | D:5      | Reached XP level 7. HP: 58/60 MP: 7/7
  3712 | D:5      | Reached skill level 7 in Axes
  3734 | D:5      | Reached skill level 5 in Fighting
  3734 | D:5      | Reached skill level 1 in Dodging
  3969 | D:5      | Reached skill level 5 in Shields
  4097 | D:5      | Slain by an ogre

Skill      XL: |  1  2  3  4  5  6  7 |
---------------+----------------------+-----
Fighting       | 4 5 |  5.1
Axes           | 3 4 5 6 7 |  7.6
Shields        | 4 5 |  5.1
Armour         | 4 |  4.9
Dodging        | 1 |  1.2
Stealth        | |  0.1
Evocations     | |  0.5

Action                   |  1- 3 |  4- 6 |  7- 9 || total
-------------------------+-------+-------+-------++-------
Melee: War axe           |   160 |   153 |    73 ||   386
Evoke: Wand              |       |     5 |       ||     5
  Use: Scroll            |       |     2 |       ||     2
  Eat: Ration            |     1 |     1 |     1 ||     3
       Chunk             |       |     2 |       ||     2
Armor: Scale mail        |    74 |    58 |    28 ||   160
Dodge: Dodged            |    48 |    35 |    24 ||   107
Block: Shield            |    95 |    58 |    37 ||   190
